Mandevil, neutral female human Wizard -------- ##.<.....| ----------- # |......-# |..........############.......|# |.........| # --------# #############*######### |.........+# ### I ---------------- -|--.- |.........|# # % |..............| |...*| |.........|# ### # %[.%..%.........| ##|....| --------.--# # # ###|..............| # |....| ## # # # # |..............-######.....| # # # # ### ----------------# |....| ##### # ## ####################### ------ #---.-# ###-----### #....|# #---....## |.>.|# #|.....|# |....# #|.....|# ----- #|.....|# #-......# ------- Mandevil the Thaumaturge Experience level: 8 Strength: 12 Dexterity: 12 Constitution: 12 Intelligence: 19 Wisdom: 15 Charisma: 8 Health: 0(63) Energy: 88(88) Def: 3 Gold: 505 Moves: 4766 Dungeon seed: W9PiZWtGwyUxnbtW Game ID: Mandevil_1445083758 Your Inventory: Coins $ - 505 gold pieces Amulets f - an uncursed amulet of unchanging (being worn) Weapons a - a blessed +1 quarterstaff (weapon in hands) Armor e - an uncursed +0 leather armor (being worn) v - an uncursed +0 cloak of magic resistance (being worn) Comestibles h - 2 uncursed lichen corpses p - 3 uncursed food rations E - an uncursed lembas wafer Scrolls m - an uncursed scroll of magic mapping n - an uncursed scroll of remove curse Rings g - an uncursed ring of fire resistance z - an uncursed ring of invisibility (on left hand) U - an uncursed +1 ring of gain constitution Wands j - a wand of fire (0:7) A - a wand of sleep (0:3) Tools k - an uncursed lock pick l - a +0 unicorn horn w - an uncursed magic whistle y - a +0 unicorn horn R - a magic marker (0:49) V - 3 uncursed wax candles (0:400) Gems r - an uncursed worthless piece of green glass D - 2 uncursed worthless pieces of yellow glass N - 2 uncursed worthless pieces of violet glass Y - an uncursed worthless piece of yellowish brown glass Z - an uncursed chrysoberyl stone Spells and supernatural/magical abilities: Name Level Category Fail Memory a - force bolt 1 attack 0% 77% h - healing 1 healing 0% 77% m - magic missile 2 attack 0% 89% W - pray for help -- divine ? -- Your skills at the end: Miscellaneous Skills wands [Basic] Weapon Skills quarterstaff [Skilled] Spellcasting Skills attack spells [Skilled] enchantment spells [Basic] Final Attributes: You were fervently aligned. You were fire resistant. You were cold resistant. You were poison resistant. You were magic-protected. You were telepathic. You were invisible. You could not change from your current form. You are dead. Vanquished creatures: a small mimic a dwarf king a leocrotta a leather golem a watchman a giant beetle 3 winter wolf cubs a giant spider a black light a dingo a housecat a white unicorn a black unicorn a dust vortex an imp 3 wood nymphs a yellow light 9 gnome lords 2 gnomish wizards 2 red naga hatchlings a golden naga hatchling a floating eye 9 dwarves a homunculus a kobold lord 13 hill orcs 4 rothes a centipede 4 monkeys a wererat 11 killer bees 4 coyotes 3 hobbits an acid blob 3 geckos a giant rat 2 cave spiders a yellow mold 38 gnomes a gnome zombie 2 jackals 7 newts 3 goblins 4 sewer rats 4 grid bugs 5 lichens 160 creatures vanquished. Voluntary challenges: You had been an atheist until turn 2477. You used a wielded weapon 132 times, starting on turn 218. You did not apply a unicorn horn. You read items or engraved 81 times, starting on turn 1393. You never genocided any monsters. You never polymorphed an object. You never changed form. You used no wishes. You never split a pudding. You wrote Elbereth's name 69 times, starting on turn 1393. You violated your moral code, losing 4 points of alignment, starting on turn 2281. Dungeon overview: The Dungeons of Doom: levels 1 to 4 Level 1 a fountain a long staircase Level 2 a fountain Level 3 stairs to The Gnomish Mines Level 4 <- You were here The Gnomish Mines: levels 4 to 8 Level 4 stairs to The Dungeons of Doom Level 5 Level 6 Level 7 many shops, a temple to Ptah, a magic chest, some fountains, a sink Level 8 History has recorded: On T:1 you entered the Dungeons of Doom to retrieve the Amulet of Yendor! On T:299 you reached level 2 of The Dungeons of Doom. On T:320 you reached level 3 of The Dungeons of Doom. On T:572 you advanced to experience level 2. On T:943 you reached level 1 of The Gnomish Mines. On T:964 you advanced to experience level 3. On T:1025 you advanced to experience level 4. On T:1323 you reached level 2 of The Gnomish Mines. On T:1343 you advanced to experience level 5. On T:1599 you advanced to experience level 6. On T:1762 you reached level 3 of The Gnomish Mines. On T:2191 you reached level 4 of The Gnomish Mines. On T:2399 you opened a magic chest. On T:2400 you opened a magic chest. On T:2401 you opened a magic chest. On T:2402 you opened a magic chest. On T:2433 you opened a magic chest. On T:2467 you entered the Minetown temple On T:2470 you advanced to experience level 7. On T:2502 you opened a magic chest. On T:2833 you opened a magic chest. On T:2834 you opened a magic chest. On T:2885 you opened a magic chest. On T:2889 you opened a magic chest. On T:2951 you reached level 5 of The Gnomish Mines. On T:3136 you opened a magic chest. On T:3328 you opened a magic chest. On T:3469 you advanced to experience level 8. On T:4247 you reached level 4 of The Dungeons of Doom. Score breakdown: Gold: 505 ( 50 points) Experience: 8 levels ( 700 points) Exploration: 8 levels ( 210 points) Discoveries: 11 items ( 550 points) Variety of kills: 46 monsters ( 2000 points) Major goal: reached Minetown ( 500 points) Survival: died (score multiplied by 3) Total score: 12030 Latest messages: Blecch! Rotten food! The world spins and goes dark. Something butts! Something kicks! Something butts! Something kicks! Something butts! Something kicks! Something butts! Something kicks! Something butts! Something kicks! Something butts! Something kicks! You die... Final status: Goodbye Mandevil the Wizard, killed by a white unicorn, while unconscious from rotten food... You died in The Dungeons of Doom on dungeon level 4 with 12030 points, and 505 pieces of gold, after 4766 moves. You were level 8 with a maximum of 63 hit points when you died.